 Dungeon Crawl Stone Soup version 0.26-a0-652-gafc20e3620 (webtiles) character file.

Game seed: 10110757219446567029

382 robertstho the Chiller (level 6, 0/33 HPs)
             Began as a Deep Elf Ice Elementalist on Oct 2, 2020.
             Slain by a bullfrog skeleton (5 damage)
             ... on level 5 of the Dungeon.
             The game lasted 00:10:32 (5385 turns).

robertstho the Chiller (Deep Elf Ice Elementalist)  Turns: 5385, Time: 00:10:32

Health: 0/33       AC:  4    Str: 11    XL:     6   Next: 47%
Magic:  16/16      EV: 13    Int: 22    God:
Gold:   137        SH:  0    Dex: 15    Spells: 5/16 levels left

rFire    . . .     SeeInvis .   b - +2 dagger (drain)
rCold    . . .     Faith    .   (no shield)
rNeg     . . .     Spirit   .   a - +0 robe
rPois    .         Reflect  .   (no helmet)
rElec    .         Harm     .   (no cloak)
rCorr    +         Rampage  .   r - +0 pair of gloves
MR       .....                  i - +0 pair of boots
Stlth    ++........             v - amulet of regeneration
HPRegen  0.11/turn              g - +6 ring of strength
MPRegen  0.15/turn              j - ring of resist corrosion

@: stab, drained
A: no striking features
a: no special abilities


You were on level 5 of the Dungeon.
You visited 1 branch of the dungeon, and saw 5 of its levels.

You collected 137 gold pieces.

Inventory:

Hand Weapons
 b - a +2 dagger of draining (weapon)
 c - a +0 mace
 e - a +1 dagger of venom
Armour
 a - a +0 robe (worn)
 i - a +0 pair of boots (worn)
 r - a +0 pair of gloves (worn)
Jewellery
 g - a +6 ring of strength (left hand)
 j - a ring of resist corrosion (right hand)
 v - an amulet of regeneration (around neck)
Scrolls
 d - a scroll of enchant weapon {unknown}
 f - a scroll of remove curse {unknown}
 h - 2 scrolls of fog
 l - a scroll of noise {unknown}
 q - a scroll of random uselessness {unknown}
 s - a scroll of enchant armour {unknown}
 t - a scroll of magic mapping
Potions
 m - 2 potions of stabbing
 u - a potion of brilliance


   Skills:
 + Level 0.7(0.1) Fighting
 + Level 0.8(0.3) Maces & Flails
 + Level 3.0(2.4) Dodging
 * Level 3.9(3.3) Stealth
 + Level 5.5(4.9) Spellcasting
 * Level 6.5(5.9) Ice Magic


You had 5 spell levels left.
You knew the following spells:

 Your Spells              Type           Power        Failure   Level
a - Freeze                Ice            ####         1%          1
b - Frozen Ramparts       Ice            ####..       2%          3
c - Ozocubu's Armour      Ice            ####....     2%          3
d - Hailstorm             Conj/Ice       ###.....     30%         4

Your spell library contained the following spells:

 Spells                   Type           Power        Failure   Level
 Summon Ice Beast         Ice/Summ       ###.....     30%         4


Dungeon Overview and Level Annotations

Branches:
Dungeon (5/15)
 Temple: D:4-7

Altars:
Okawaru

Annotations:
D:4 1 runed translucent door


Message History

The bullfrog skeleton hits you but does no damage.
As you read the scroll of teleportation, it crumbles to dust.
You feel strangely unstable. The bullfrog skeleton hits you.
* * * LOW HITPOINT WARNING * * *
Your icy armour cracks and falls away as you move.
The bullfrog skeleton misses you.
Items here: )) [[[ ÷.
Your surroundings seem slightly different.
The bullfrog skeleton misses you.
Okay, then.
Okay, then.
As you read the scroll labeled LEZUGONOXT, it crumbles to dust.
It is a scroll of amnesia.
Really abort (and waste the scroll)?
Okay, then.
The bullfrog skeleton closely misses you.
As you read the scroll labeled NIAV APIGO, it crumbles to dust.
You feel aware of your surroundings.
It was a scroll of magic mapping.
The bullfrog skeleton hits you.
You die...

,*,*****,*##.....##*,,,,,********
,,,,****,##.......#,.,,,,,*
,,,,,,,,,..<......#..,,,,,*
***,,,,*,*#.......#..,>,,,*
****,,,,##........,,,,,**
*,,,,#.......#*,,,,,**
*,,,,#÷......#,,,,,,,*
*****#.[.....#,,,,,,,*
##...Z@##,,,,,,,*
##...##**,,,,,** ##### **,,,**
*****


You could see a bullfrog skeleton.

Vanquished Creatures
  A scorpion (D:4)
  A howler monkey (D:4)
  An orc priest (D:3)
  Terence (D:2)
  An orc wizard (D:5)
  3 gnolls (D:2)
  4 adders
  A white imp (D:2)
  An ooze (D:1)
  8 worms
  2 dart slugs
  3 leopard geckos
  11 orcs
  2 giant cockroaches (D:3)
  7 goblins
  12 hobgoblins
  11 jackals
  A quokka (D:3)
  2 ball pythons
  11 bats
  5 frilled lizards
  5 kobolds
  10 rats
104 creatures vanquished.

Vanquished Creatures (others)
  7 plants (D:1)
7 creatures vanquished.

Grand Total: 111 creatures vanquished

Notes
Turn   | Place    | Note
-------+----------+-------------------------------------------
     0 | D:1      | robertstho the Deep Elf Ice Elementalist began the quest
                  | for the Orb.
     0 | D:1      | Reached XP level 1. HP: 10/10 MP: 6/6
   460 | D:1      | Reached XP level 2. HP: 14/15 MP: 6/8
   474 | D:1      | Reached skill level 5 in Ice Magic
   751 | D:1      | Found an iron altar of Okawaru.
  1384 | D:1      | Reached XP level 3. HP: 2/19 MP: 5/9
  1390 | D:1      | Learned a level 3 spell: Frozen Ramparts
  1394 | D:1      | Learned a level 3 spell: Ozocubu's Armour
  2723 | D:2      | Reached XP level 4. HP: 24/24 MP: 6/11
  3027 | D:2      | Found a faded altar of an unknown god.
  3072 | D:2      | Noticed Terence
  3078 | D:2      | Killed Terence
  3078 | D:2      | Reached XP level 5. HP: 28/28 MP: 8/13
  3143 | D:2      | Learned a level 4 spell: Hailstorm
  3391 | D:2      | Reached skill level 6 in Ice Magic
  4671 | D:3      | Reached skill level 5 in Spellcasting
  5057 | D:4      | Reached XP level 6. HP: 32/33 MP: 11/15
  5145 | D:4      | Found a runed translucent door.
  5145 | D:4      | Noticed a human
  5148 | D:5      | Entered Level 5 of the Dungeon
  5385 | D:5      | Slain by a bullfrog skeleton

Illustrated notes

Levels and vault maps discovered:
D:1:      psy_arrival_fountain, layout_loops_ring, okawaru_ov_weapons_minmay
D:2:      layout_loops_cross, chequers_ecumenical_altar_simple, uniq_terence
D:3:      layout_basic, minmay_close_crescents
D:4:      layout_rooms, temple_hall, dk_yredelemnul_ordeal
D:5:      layout_rooms, gammafunk_ghost_arena

Skill      XL: |  1  2  3  4  5  6 |
---------------+-------------------+-----
Ice Magic      | 5 6 |  6.5
Stealth        | 3 |  3.9
Spellcasting   | 4 5 |  5.5
Dodging        | 3 |  3.0
Fighting       | |  0.7
Maces & Flails | |  0.8

Action                   |  1- 3 |  4- 6 || total
-------------------------+-------+-------++-------
Melee: Mace              |    28 |    48 ||    76
       Unarmed           |     1 |       ||     1
       Dagger            |       |    13 ||    13
 Cast: Freeze            |    19 |    15 ||    34
       Frozen Ramparts   |    10 |    32 ||    42
       Ozocubu's Armour  |       |     3 ||     3
  Use: Scroll            |       |    10 ||    10
       Potion            |       |     5 ||     5
 Stab: Sleeping          |     1 |     4 ||     5
Armor: Robe              |    11 |    38 ||    49
       Skin              |       |     4 ||     4
Dodge: Dodged            |    45 |    75 ||   120

Table legend: (Time is in decaauts)
 A = Elapsed time spent in this place.
 B = Non-inter-level travel time spent in this place.
 C = Inter-level travel time spent in this place.
 D = Time resting spent in this place.
 E = Time spent auto-exploring this place.
 F = Levels seen in this place.
 G = Mean time per level.
                   A        B        C        D        E       F      G
               +--------+--------+--------+--------+--------+-----+--------+
         Total |   5422 |   5334 |     88 |   1810 |   2767 |   5 | 1084.4 |
       Dungeon |   5422 |   5334 |     88 |   1810 |   2767 |   5 | 1084.4 |
               +--------+--------+--------+--------+--------+-----+--------+

Top non-repeatable levels by time:
     D:1: 1955 daAuts
     D:2: 1767 daAuts
     D:3: 1343 daAuts
     D:5: 249 daAuts
     D:4: 106 daAuts
